 Dungeon Crawl Stone Soup version 0.27.1-1-g398f81649c (webtiles) character file.

Game seed: 14061992083818540795

1 Descartes the Grasshopper (level 1, 0/10 HPs)
             Began as a Spriggan Warper on Sept 7, 2021.
             Slain by a dart slug (3 damage)
             ... on level 1 of the Dungeon.
             The game lasted 00:00:55 (36 turns).

Descartes the Grasshopper (Spriggan Warper)           Turns: 36, Time: 00:00:56

Health: 0/10       AC:  2    Str:  7    XL:     1   Next: 16%
Magic:  5/5        EV: 17    Int: 14    God:
Gold:   11         SH:  0    Dex: 14    Spells: 5/5 levels left

rFire    . . .     SeeInvis +   a - +0 short sword
rCold    . . .     Faith    .   (shield restricted)
rNeg     . . .     Spirit   .   b - +0 robe
rPois    .         Reflect  .   (helmet restricted)
rElec    .         Harm     .   (no cloak)
rCorr    .         Rampage  .   (gloves unavailable)
Will     .....                  (boots unavailable)
Stlth    +.........             (no amulet)
HPRegen  0.03/turn              (no ring)
MPRegen  0.09/turn              (no ring)

@: very quick
A: very small, no large weapons, unfitting armour, see invisible, speed 3
a: no special abilities


You were on level 1 of the Dungeon.
You visited 1 branch of the dungeon, and saw 1 of its levels.

You collected 11 gold pieces.

Inventory:

Hand Weapons
 a - a +0 short sword (weapon)
Missiles
 d - 5 boomerangs of dispersal (quivered)
 f - 18 poisoned darts
Armour
 b - a +0 robe (worn)
Scrolls
 c - a scroll of blinking
 e - a scroll of identify {unknown}


   Skills:
 - Level 1.5 Fighting
 + Level 2.2 Short Blades
 - Level 1.0 Throwing
 + Level 3.2 Dodging
 + Level 0.2 Stealth
 + Level 2.7 Spellcasting
 - Level 4.4 Translocations


You had 5 spell levels left.
You didn't know any spells.
Your spell library contained the following spells:

 Spells                   Type           Power      Damage    Failure   Level
 Blink                    Tloc           N/A        N/A       5%          2
 Gell's Gravitas          Tloc           7%         N/A       11%         3
 Lesser Beckoning         Tloc           7%         N/A       11%         3
 Teleport Other           Tloc           14%        N/A       11%         3
 Manifold Assault         Tloc           14%        N/A       69%         5


Dungeon Overview and Level Annotations

Branches:
Dungeon (1/15)

Altars:


Innate Abilities, Weirdness & Mutations

You are very small and have problems with some larger weapons.
You are too small for most types of armour.
You have supernaturally acute eyesight. (SInv)
You cover ground extremely quickly. (Speed+++)


Message History

Will you prevail where others failed? Will you find the Orb of Zot?
Press ? for a list of commands and other information.
Found 18 poisoned darts and a scroll labelled JOQUHI GULIWK.
Found a staircase leading out of the dungeon.
Okay, then.
You don't know any spells.
e - a scroll labelled JOQUHI GULIWK
There is a staircase leading out of the dungeon here.
f - 18 poisoned darts
Found 11 gold pieces.
You now have 11 gold pieces.
A dart slug comes into view.
Found a stone staircase leading down.
Found a dagger.
A goblin comes into view. It is wielding a +0 club.
Found an inky potion.
The goblin shouts!
You hit the dart slug but do no damage. The dart slug closely misses you.
You hit the dart slug but do no damage. The dart slug misses you.
You hit the dart slug but do no damage. The goblin hits you with a +0 club.
You hit the dart slug but do no damage. The goblin completely misses you.
The dart slug bites you.
You hit the dart slug but do no damage. The goblin hits you with a +0 club.
* * * LOW HITPOINT WARNING * * *
The dart slug launches a dart at you. The slug dart misses you.
You are too injured to fight recklessly!
You closely miss the goblin. The goblin hits you but does no damage.
You hit the goblin.
You kill the goblin!
The dart slug closely misses you.
Things that are here:
a +0 club; a goblin corpse Unknown command.
You hit the dart slug but do no damage. The dart slug misses you.
You hit the dart slug but do no damage. You hit the dart slug.
The dart slug is moderately wounded.
The dart slug bites you.
You die...

##.......#
#.......##
#..######
#..######
#.......##
##.......# ##
######..# ..
#####..##!#
........@..#
#####.>.w...#
#.........#
#.#.#.##..#
.....).. ..#
###.#.#.. .##
#.#.... # . .
..


You could see a dart slug.

Vanquished Creatures
  A goblin (D:1)
1 creature vanquished.

Notes
Turn   | Place    | Note
-------+----------+-------------------------------------------
     0 | D:1      | Descartes the Spriggan Warper began the quest for the Orb.
     0 | D:1      | Reached XP level 1. HP: 10/10 MP: 5/5
    36 | D:1      | Slain by a dart slug

Illustrated notes

Levels and vault maps discovered:
D:1:      minmay_arrival_wavy_path, layout_basic, serial_shops, shop_statue,
          serial_park_tiny_pond

Action                   || total
-------------------------++-------
Melee: Short sword       ||    10
Armor: Robe              ||     1
Dodge: Dodged            ||     6
